 Dungeon Crawl Stone Soup version 0.30-a0-297-g0ec75d9ef4 (webtiles) character file.

Game seed: 14437682957613674792

2464 AarnesTheHuman the Blocker (level 9, -2/69 (74) HPs)
             Began as a Formicid Fighter on Oct 18, 2022.
             Slain by a boulder beetle (18 damage)
             ... on level 6 of the Dungeon.
             The game lasted 00:11:46 (5609 turns).

AarnesTheHuman the Blocker (Formicid Fighter)       Turns: 5609, Time: 00:11:47

HP:   -2/69 (74)    AC: 11    Str: 22    XL:     9   Next: 79%
MP:   9/9           EV: 14    Int:  9    God:
Gold: 223           SH: 13    Dex: 15    Spells: 8/8 levels left

rFire   . . .      SeeInvis +    a - +2 hand axe (vorpal)
rCold   . . .      Faith    .    o - +2 kite shield
rNeg    . . .      Spirit   .    t - +0 steam dragon scales
rPois   .          Reflect  .    (helmet unavailable)
rElec   .          Harm     .    G - +0 cloak
rCorr   .          Rampage  .    (no gloves)
Will    .....                    j - +2 pair of boots
Stlth   +.........               D - amulet of regeneration
HPRegen 1.11/turn                B - +4 ring of evasion
MPRegen 0.11/turn                (no ring)

@: drained
A: permanent stasis, dig shafts and tunnels, antennae 3, four strong arms
a: Dig, Shaft Self


You were on level 6 of the Dungeon.
You visited 1 branch of the dungeon, and saw 6 of its levels.

You collected 223 gold pieces.

Inventory:

Hand Weapons
 a - a +2 vorpal hand axe (weapon)
 b - a +2 dagger of speed
 g - a +0 sling
 I - a +0 war axe
Missiles
 f - 89 stones (quivered)
Armour
 c - a +0 buckler
 h - a +2 buckler
 j - a +2 pair of boots (worn)
 l - a +0 scale mail
 o - a +2 kite shield (worn)
 t - +0 steam dragon scales (worn)
 G - a +0 cloak (worn)
Jewellery
 B - a +4 ring of evasion (left hand)
 D - an amulet of regeneration (around neck)
Wands
 A - a wand of light (6)
Scrolls
 i - a scroll of fog {unknown}
 k - 2 scrolls of magic mapping
 m - 2 scrolls of amnesia
 r - a scroll of enchant weapon {unknown}
 v - 2 scrolls of fear {unknown}
 w - a scroll of poison {unknown}
 x - 3 scrolls of blinking {unknown}
 y - a scroll of noise {unknown}
 F - 2 scrolls of enchant armour {unknown}
Potions
 e - 3 potions of curing
 n - 2 potions of ambrosia
 p - 2 potions of mutation
 q - 2 potions of berserk rage
 s - a potion of magic {unknown}
 z - 2 potions of flight {unknown}
 C - 2 potions of heal wounds {unknown}
 E - a potion of cancellation {unknown}
 H - a potion of resistance {unknown}


   Skills:
 - Level 8.0 Fighting
 - Level 8.0 Axes
 + Level 6.5 Armour
 - Level 8.0 Shields


You had 8 spell levels left.
You didn't know any spells.
Your spell library contained the following spells:

 Spells                   Type           Power      Damage    Failure   Level
 Beastly Appendage        Tmut           0%         N/A       63%         1
 Wereblood                Tmut           0%         N/A       77%         2
 Gell's Gravitas          Tloc           0%         N/A       94%         3
 Spider Form              Tmut/Pois      0%         N/A       94%         3
 Teleport Other           Tloc           0%         N/A       94%         3
 Dispersal                Tloc           0%         N/A       100%        6


Dungeon Overview and Level Annotations

Branches:
Dungeon (6/15)
 Temple: D:4-7

Altars:
Dithmenos
Ru
Sif Muna

Shops:
D:1 ?*:[   D:3 (


Innate Abilities, Weirdness & Mutations

You cannot be hasted, slowed, berserked, paralysed or teleported.
You can dig through walls and to a lower floor.
You have a pair of large antennae on your head. (SInv)
Your four strong arms can wield two-handed weapons with a shield.


Message History

The boulder beetle is severely wounded.
The boulder beetle leaps!
You start resting.
A boulder beetle is nearby!
You hit the boulder beetle but do no damage.
The boulder beetle is heavily wounded.
You block the boulder beetle's attack.
You hit the boulder beetle but do no damage.
The boulder beetle is heavily wounded.
The boulder beetle bites you!
You hit the boulder beetle but do no damage.
The boulder beetle is heavily wounded.
You block the boulder beetle's attack.
You barely miss the boulder beetle.
The boulder beetle is heavily wounded.
You block the boulder beetle's attack.
You hit the boulder beetle but do no damage.
The boulder beetle is heavily wounded.
You block the boulder beetle's attack.
You completely miss the boulder beetle.
The boulder beetle is heavily wounded.
The boulder beetle closely misses you.
You hit the boulder beetle.
The boulder beetle is heavily wounded.
The boulder beetle bites you but does no damage.
Aiming: Bolt of Light
Press: ? - help, Shift-Dir - straight line, f/p - boulder beetle
Aim: a boulder beetle (heavily wounded, 100% to hit)
The bolt of light hits the boulder beetle!
The boulder beetle is severely wounded.
The boulder beetle is blinded.
You block the boulder beetle's attack.
You catch the helpless boulder beetle completely off-guard!
You hit the boulder beetle but do no damage.
The boulder beetle is severely wounded.
The boulder beetle bites you!!
* * * LOW HITPOINT WARNING * * *
You hit the boulder beetle but do no damage.
The boulder beetle is severely wounded.
The boulder beetle bites you!!
You die...

)# ###..#.........# ####.# .#
##..#..#####.#######)##.#
.#######..[## *.##.....#.#.#
.......###)# *.##.###.###)#
.#####.##(#######.##.#.......#
.# #.....B......##.#.#.#####
.# ###########.###.....# .#
#B## ###.###
.#****##########@# ###.###
..,,,,........#### #.....#
##****###>#.#.######.###.#
*,#..........# *.#
*,###.######.#**,# *,,...#
#...,,* **##### #####**


You could see a boulder beetle (blind).

Vanquished Creatures
  A hornet (D:5)
  Sigmund (D:4)
  A wyvern (D:6)
  A steam dragon (D:6)
  A vampire mosquito (D:6)
  An acid dragon (D:4)
  3 black bears
  An ogre (D:6)
  2 phantoms (D:6)
  2 necrophages
  A bullfrog (D:6)
  3 scorpions
  A howler monkey (D:4)
  A gnoll bouda (D:6)
  4 orc priests
  2 hounds
  Natasha (thrice) (D:3)
  3 orc wizards
  Robin (D:3)
  6 adders
  11 gnolls
  A shadow imp (D:6)
  2 worms (D:2)
  2 dart slugs
  25 orcs
  3 bats
  2 endoplasms
  A giant cockroach (D:3)
  9 hobgoblins
  8 jackals
  7 kobolds
  3 quokkas
  7 ball pythons
  2 frilled lizards (D:2)
  8 goblins
  4 rats
134 creatures vanquished.

Vanquished Creatures (others)
  2 fungi (D:3)
  11 plants (D:3)
13 creatures vanquished.

Grand Total: 147 creatures vanquished

Notes
Turn   | Place    | Note
-------+----------+-------------------------------------------
     0 | D:1      | AarnesTheHuman the Formicid Fighter began the quest for the
                  | Orb.
     0 | D:1      | Reached XP level 1. HP: 18/18 MP: 1/1
    68 | D:1      | Found Umeony's Antique Armour Boutique.
   213 | D:1      | Found Kasuutha's Book Boutique.
   232 | D:1      | Reached XP level 2. HP: 24/24 MP: 2/2
   349 | D:1      | Found Nouned's General Store.
   413 | D:1      | Found Ratuasm's Magic Scroll Boutique.
   807 | D:2      | Reached XP level 3. HP: 23/30 MP: 3/3
   819 | D:2      | Reached XP level 4. HP: 19/37 MP: 4/4
  1208 | D:2      | Reached skill level 5 in Shields
  1548 | D:3      | Reached XP level 5. HP: 41/43 MP: 5/5
  1558 | D:3      | Found a shadowy altar of Dithmenos.
  1615 | D:3      | Noticed Robin
  1629 | D:3      | Killed Robin
  1778 | D:3      | Found Vempasia's Weapon Shop.
  1893 | D:3      | Noticed Natasha
  1895 | D:3      | Killed Natasha
  1950 | D:3      | Reached XP level 6. HP: 21/50 MP: 6/6
  2118 | D:3      | Reached skill level 5 in Fighting
  2370 | D:3      | Found a sacrificial altar of Ru.
  2437 | D:3      | Found a shimmering blue altar of Sif Muna.
  2632 | D:3      | Found a shimmering blue altar of Sif Muna.
  2731 | D:3      | Found a shadowy altar of Dithmenos.
  2849 | D:3      | Noticed Natasha
  2858 | D:3      | Killed Natasha
  2922 | D:3      | Found a sacrificial altar of Ru.
  2951 | D:3      | Found Vempasia's Weapon Shop.
  3028 | D:3      | Noticed Natasha
  3042 | D:3      | Killed Natasha
  3502 | D:4      | Reached XP level 7. HP: 49/56 MP: 7/7
  3571 | D:4      | Noticed Sigmund
  3593 | D:4      | Killed Sigmund
  4036 | D:4      | Reached skill level 5 in Axes
  4284 | D:5      | Entered Level 5 of the Dungeon
  4323 | D:5      | Reached XP level 8. HP: 62/64 MP: 8/8
  4565 | D:5      | You fall into a shaft and drop 1 floor!
  4871 | D:5      | Noticed a hornet
  4910 | D:5      | Killed a hornet
  5155 | D:6      | Noticed a wyvern
  5163 | D:6      | Reached XP level 9. HP: 66/73 MP: 9/9
  5502 | D:6      | Noticed a boulder beetle
  5527 | D:6      | Reached skill level 5 in Armour
  5609 | D:6      | Slain by a boulder beetle

Illustrated notes

Levels and vault maps discovered:
D:1:      zelgadis_glass_arrival_small, layout_loops_ring, serial_shops,
          shop_scrolls, shop, shop, nicolae_shop_crystal
D:2:      layout_loops_ring
D:3:      layout_loops_ring, kennysheep_orc_sif_temple,
          nicolae_ru_the_path_less_chosen, mainiacjoe_overflow_alcove_2,
          serial_shops, shop, uniq_robin, uniq_natasha
D:4:      layout_basic, serial_bayou_crossing, uniq_sigmund
D:5:      layout_rooms, kennysheep_nondescript
D:6:      layout_loops_ring, mainiacjoe_overflow_alcove_4,
          dreamdust_wishing_well, grunt_ministairs_2, minmay_manual_moon

Skill      XL: |  1  2  3  4  5  6  7  8  9 |
---------------+----------------------------+-----
Fighting       | 4 5 6 7 8 |  8.0
Shields        | 5 6 7 8 |  8.0
Axes           | 3 4 5 6 8 |  8.0
Armour         | 6 |  6.5

Action                   |  1- 3 |  4- 6 |  7- 9 || total
-------------------------+-------+-------+-------++-------
Melee: War axe           |    64 |   201 |   147 ||   412
       Dagger            |       |       |   152 ||   152
       Hand axe          |       |       |    78 ||    78
Throw: Dart              |       |       |     5 ||     5
       Stone             |       |       |     3 ||     3
 Abil: Dig               |       |       |     3 ||     3
Evoke: Wand              |       |       |     2 ||     2
  Use: Scroll            |       |     4 |     6 ||    10
       Potion            |       |       |     2 ||     2
 Stab: Invisible         |       |       |     5 ||     5
       Sleeping          |       |       |     1 ||     1
Armor: Scale mail        |    35 |    44 |       ||    79
       Steam dragon scal |       |    28 |    72 ||   100
Dodge: Dodged            |    38 |    70 |   115 ||   223
Block: Buckler           |    26 |     7 |       ||    33
       Kite shield       |       |   133 |   203 ||   336

Table legend: (Time is in decaauts)
 A = Elapsed time spent in this place.
 B = Non-inter-level travel time spent in this place.
 C = Inter-level travel time spent in this place.
 D = Time resting spent in this place.
 E = Time spent auto-exploring this place.
 F = Levels seen in this place.
 G = Mean time per level.
                   A        B        C        D        E       F      G
               +--------+--------+--------+--------+--------+-----+--------+
         Total |   5740 |   5509 |    231 |    330 |   3804 |   6 |  956.7 |
       Dungeon |   5740 |   5509 |    231 |    330 |   3804 |   6 |  956.7 |
               +--------+--------+--------+--------+--------+-----+--------+

Top non-repeatable levels by time:
     D:3: 2059 daAuts
     D:4: 900 daAuts
     D:2: 780 daAuts
     D:1: 768 daAuts
     D:6: 704 daAuts
     D:5: 527 daAuts
